[Event "*** SCC Grand Prix: Titled Tuesday Blitz"]
[Site "Chess.com"]
[Date "2020.08.11"]
[Round "2"]
[White "Fighterman91"]
[Black "KingChess345"]
[Result "1-0"]
[WhiteElo "2627"]
[BlackElo "2179"]
[TimeControl "180+1"]
[EndTime "10:15:19 PDT"]
[Termination "Fighterman91 won by resignation"]

1. e4 c5 2. Nf3 Nc6 3. Bb5 g6 4.
O-O Bg7 5. c3 e5 6. d4 cxd4 7.
cxd4 exd4 8. Bf4 Nge7 9. Bd6 O-O 10. Nbd2 a6 11. Bc4 b5 12. Bb3 Re8 13. Bxf7+ Kh8 14. Bxe8 Qxe8 15. Nb3 Bb7 16. Nc5 Ra7 17.
Nxb7 Rxb7 18. Rc1 Nc8 19. Bc5 d6 20. Bxd4 Nxd4 21. Nxd4 Nb6 22. Re1 Nc4 23. b3 Ne5 24. Nf3 Nf7 25. Qc2 1-0

[Event "*** SCC Grand Prix: Titled Tuesday Blitz"]
[Site "Chess.com"]
[Date "2020.08.11"]
[Round "2"]
[White "AliKa2810"]
[Black "parintele_chess"]
[Result "1-0"]
[WhiteElo "2617"]
[BlackElo "2107"]
[TimeControl "180+1"]
[EndTime "10:15:22 PDT"]
[Termination "AliKa2810 won by resignation"]

1. d4 d5 2. c4 e6 3. Nc3 Nf6 4.
cxd5 exd5 5. Bg5 Nbd7 6. e3 c6 7. Bd3 Be7 8. Nf3 O-O 9. Qc2 Re8 10. O-O Nf8 11. Ne5 g6 12. f4 Ng4 13. Bxe7 Qxe7 14. Rae1 Nxe5 15. fxe5 Be6 16. Rf4 Nd7 17. Ref1 Rf8 18.
e4 Nb6 19. h4 dxe4 20. Nxe4 Nd5 21. Nf6+ Nxf6 22. exf6 Qd7 23. h5 1-0

[Event "*** SCC Grand Prix: Titled Tuesday Blitz"]
[Site "Chess.com"]
[Date "2020.08.11"]
[Round "2"]
[White "BlackWidow515"]
[Black "allvim"]
[Result "0-1"]
[WhiteElo "2110"]
[BlackElo "2387"]
[TimeControl "180+1"]
[EndTime "10:15:22 PDT"]
[Termination "allvim won by resignation"]

1. d4 Nf6 2. Nf3 d5 3. g3 e6 4. Bg2 Be7 5. O-O O-O 6. Nbd2 c5 7. dxc5 Bxc5 8. c4 b6 9. b3 Bb7 10. Bb2 Nbd7 11. Rc1 Rc8 12. Ne5 Nxe5 13. Bxe5 Qe7 14.
cxd5 Bxd5 15. Bxd5 Nxd5 16. Ne4 Ba3 17. Rc2 Qb4 18. Nd6 Rxc2 19. Qxc2 f6 20. Qc6 fxe5 0-1

[Event "*** SCC Grand Prix: Titled Tuesday Blitz"]
[Site "Chess.com"]
[Date "2020.08.11"]
[Round "2"]
[White "ailime26"]
[Black "varacalli"]
[Result "0-1"]
[WhiteElo "1889"]
[BlackElo "2350"]
[TimeControl "180+1"]
[EndTime "10:15:26 PDT"]
[Termination "varacalli won by resignation"]

1. e4 e5 2. Nf3 Nc6 3. Nc3 Nf6 4. d4 exd4 5. Nxd4 Bb4 6. Nxc6 bxc6 7.
Bd3 d5 8. exd5 cxd5 9. O-O O-O 10. Bg5 c6 11. Qf3 Bd6 12. Rfe1 Rb8 13. Rab1 h6 14. Bxf6 Qxf6 15. Qxf6 gxf6 16. Ne2 c5 17. Ng3 c4 18. Be2 Be5 19. b3 Ba6 20. Nf5 Kh7 21. Ne7 cxb3 22. Bxa6 bxa2 23. Rbd1 Rfe8 24. Bd3+ Kh8 25. Nf5 Bc3 26.
Rxe8+ Rxe8 27. Ne3 d4 28. Nd5 Re1+ 0-1

[Event "*** SCC Grand Prix: Titled Tuesday Blitz"]
[Site "Chess.com"]
[Date "2020.08.11"]
[Round "2"]
[White "Oglob71"]
[Black "Quiet_Desperation"]
[Result "1-0"]
[WhiteElo "2569"]
[BlackElo "2278"]
[TimeControl "180+1"]
[EndTime "10:15:35 PDT"]
[Termination "Oglob71 won by resignation"]

1. d4 d5 2. Nf3 c6 3. c4 Nf6 4. e3 Bf5 5. Nc3 dxc4 6. Bxc4 e6 7.
O-O Be7 8. Qe2 O-O 9. e4 Bg4 10. e5 Nd5 11. Rd1 Nxc3 12. bxc3 Nd7 13. Rb1 b5 14.
Bd3 Nb6 15. Qe4 Bf5 16. Qxc6 Bxd3 17. Rxd3 a6 18. Qe4 Rc8 19. Bd2 Qd5 20. Qxd5 exd5 21. h4 h6 22. g4 Nc4 23. Kg2 Rc6 24. Be1 Rfc8 25. Kg3 Bd8 26. g5 h5 27. Ng1 Ba5 28. Ne2 Re8 29. Nf4 g6 30. Nxd5 Rd8 31. Nf6+ Kg7 32.
Rf3 1-0

[Event "*** SCC Grand Prix: Titled Tuesday Blitz"]
[Site "Chess.com"]
[Date "2020.08.11"]
[Round "2"]
[White "denispopov"]
[Black "Chessbard1972"]
[Result "0-1"]
[WhiteElo "1845"]
[BlackElo "2343"]
[TimeControl "180+1"]
[EndTime "10:15:35 PDT"]
[Termination "Chessbard1972 won by resignation"]

1. e4 c5 2. Nc3 a6 3. d4 cxd4 4. Qxd4 Nc6 5. Qd2 Nf6 6. b3 e6 7. Bb2 Bb4 8. f3 d5 9. a3 Bc5 10. O-O-O d4 11. Nce2 e5 12. g4 O-O 13. Kb1 Qe7 14. Ka2 Be6 15. h4 a5 16. a4 b5 17.
Ka1 bxa4 18. bxa4 Rfb8 19. h5 Ba3 0-1

[Event "*** SCC Grand Prix: Titled Tuesday Blitz"]
[Site "Chess.com"]
[Date "2020.08.11"]
[Round "2"]
[White "Margarita2907"]
[Black "Irishchessman16"]
[Result "1-0"]
[WhiteElo "2105"]
[BlackElo "2362"]
[TimeControl "180+1"]
[EndTime "10:15:37 PDT"]
[Termination "Margarita2907 won by resignation"]

1. e4 c5 2. Nf3 Nc6 3. d4 cxd4 4. Nxd4 Nf6 5. Nc3 e5 6. Ndb5 d6 7. Bg5 a6 8. Na3 b5 9. Nd5 Be7 10. Bxf6 Bxf6 11. c3 O-O 12. Nc2 Rb8 13. Bd3 Bg5 14. O-O Ne7 15. Ncb4 Bb7 16. Bc2 a5 17. Nxe7+ Qxe7 18. Nd5 Qe6 19. a4 Bxd5 20. exd5 Qe7 21. axb5 Rxb5 22. Qd3 1-0

[Event "*** SCC Grand Prix: Titled Tuesday Blitz"]
[Site "Chess.com"]
[Date "2020.08.11"]
[Round "2"]
[White "TheBigBoss04"]
[Black "nikitakhoroshev"]
[Result "1-0"]
[WhiteElo "2831"]
[BlackElo "2549"]
[TimeControl "180+1"]
[EndTime "10:15:38 PDT"]
[Termination "TheBigBoss04 won by resignation"]

1. Nf3 d6 2. d4 f5 3. Bg5 Nd7 4. e3 Ndf6 5. Bc4 h6 6. Bh4 g5 7. Bg3 e6 8. c3 Ne7 9. Qb3 Ned5 10. Nbd2 a6 11. a4 Rb8 12. a5 Bd7 13. O-O Bg7 14.
Rfe1 O-O 15. e4 fxe4 16. Nxe4 Nxe4 17. Bxd5 Nxg3 18. Bxe6+ Kh8 19. hxg3 Bxe6 20. Qxe6 Re8 21. Qf7 Rf8 22. Qe6 Re8 23. Qxe8+ Qxe8 24. Rxe8+ Rxe8 25. Re1 Rxe1+ 26. Nxe1 Kg8 27. Nd3 Kf7 28. d5 Ke7 29. f4 Kd7 30. Kf2 c6 31. c4 c5 32.
Ke3 Ke7 33. Ke4 Kf6 34. Nf2 h5 35. g4 h4 36. Nh3 Bh6 37. fxg5+ Bxg5 38. Nxg5 Kxg5 39. Kf3 Kg6 40. Kf4 Kf6 41. g5+ 1-0

[Event "*** SCC Grand Prix: Titled Tuesday Blitz"]
[Site "Chess.com"]
[Date "2020.08.11"]
[Round "2"]
[White "GracefulYear"]
[Black "PattyCastillo"]
[Result "1-0"]
[WhiteElo "2358"]
[BlackElo "1973"]
[TimeControl "180+1"]
[EndTime "10:15:43 PDT"]
[Termination "GracefulYear won by resignation"]

1. d4 d5 2. c4 c6 3. Nf3 Nf6 4. g3 e6 5. Bg2 Nbd7 6. O-O Bd6 7. Nc3 O-O 8. Nd2 Qe7 9. e4 dxe4 10. Ndxe4 Nxe4 11. Nxe4 Bc7 12. b3 Nf6 13. Bb2 Nxe4 14.
Bxe4 c5 15. d5 exd5 16. Bxd5 Bh3 17. Re1 Qg5 18. Qf3 Rab8 19. Re4 b5 20. Rae1 bxc4 21. Bxc4 Rbd8 22. Qxf7+ Rxf7 23. Re8+ 1-0

[Event "*** SCC Grand Prix: Titled Tuesday Blitz"]
[Site "Chess.com"]
[Date "2020.08.11"]
[Round "2"]
[White "Mikhail_Golubev"]
[Black "FabianoCaruana"]
[Result "0-1"]
[WhiteElo "2603"]
[BlackElo "3011"]
[TimeControl "180+1"]
[EndTime "10:15:44 PDT"]
[Termination "FabianoCaruana won by resignation"]

1. e4 e5 2. Nf3 Nc6 3. Nc3 Nf6 4. d4 exd4 5. Nxd4 Bb4 6. Nxc6 bxc6 7. Bd3 d6 8. Bg5 h6 9. Bh4 g5 10. Bg3 Bg4 11. Qd2 Nh5 12. h3 Nxg3 13. fxg3 Be6 14. O-O O-O 15. a3 Bc5+ 16. Kh2 Bd4 17. Rae1 Be5 18.
Qe2 g4 19. hxg4 Qg5 20. Qe3 Qh4+ 21. Kg1 Bxg3 0-1

[Event "*** SCC Grand Prix: Titled Tuesday Blitz"]
[Site "Chess.com"]
[Date "2020.08.11"]
[Round "2"]
[White "1977Ivan"]
[Black "anon569"]
[Result "1-0"]
[WhiteElo "2660"]
[BlackElo "2344"]
[TimeControl "180+1"]
[EndTime "10:15:44 PDT"]
[Termination "1977Ivan won by resignation"]

1. d4 Nf6 2. c4 e6 3. Nc3 Bb4 4. Nf3 b6 5. g4 Bb7 6. g5 Ne4 7. Qd3 f5 8. gxf6 Qxf6 9. Bg2 c5 10. O-O cxd4 11. Nxe4 1-0

[Event "*** SCC Grand Prix: Titled Tuesday Blitz"]
[Site "Chess.com"]
[Date "2020.08.11"]
[Round "2"]
[White "diablanni"]
[Black "tptagain"]
[Result "0-1"]
[WhiteElo "2331"]
[BlackElo "2927"]
[TimeControl "180+1"]
[EndTime "10:15:45 PDT"]
[Termination "tptagain won by resignation"]

1. e4 c5 2. Nf3 Nc6 3. Bb5 e6 4. Bxc6 bxc6 5. b3 f6 6. O-O Nh6 7. d4 Nf7 8. Ba3 cxd4 9. Bxf8 Kxf8 10. Qxd4 e5 11. Qd2 d5 12. Nc3 Bg4 13. Qd3 f5 14.
exf5 e4 15. Qd4 Bxf3 16. gxf3 Qg5+ 17. Kh1 Qxf5 18. fxe4 Qf3+ 19. Kg1 Ng5 20. h4 Qg4+ 0-1

[Event "*** SCC Grand Prix: Titled Tuesday Blitz"]
[Site "Chess.com"]
[Date "2020.08.11"]
[Round "2"]
[White "ViktoriyaTarasova"]
[Black "Diego_FloresQ"]
[Result "0-1"]
[WhiteElo "2262"]
[BlackElo "2474"]
[TimeControl "180+1"]
[EndTime "10:15:50 PDT"]
[Termination "Diego_FloresQ won by resignation"]

1. d4 Nf6 2. c4 c5 3. d5 e6 4. Nc3 exd5 5. cxd5 d6 6. Nf3 g6 7.
Bf4 Bg7 8. h3 O-O 9. e3 a6 10.
a4 Ne8 11. Be2 Nd7 12. O-O Qe7 13. Nd2 Ne5 14. Re1 Rb8 15. Bf1 b6 16. Bh2 f5 17.
Qc2 Nc7 18. e4 f4 19. f3 Rb7 20.
b3 b5 21. axb5 axb5 22. Ra2 Bd7 23. Nd1 g5 24. Nf2 Rc8 25. Nd3 Nxd3 26. Bxd3 Nxd5 27. exd5 Qxe1+ 28. Nf1 h6 29. Bh7+ Kh8 30. Bd3 c4 31. bxc4 bxc4 32. Bf5 Bxf5 33. Qxf5 Bd4+ 0-1

[Event "*** SCC Grand Prix: Titled Tuesday Blitz"]
[Site "Chess.com"]
[Date "2020.08.11"]
[Round "2"]
[White "INDIAN-ELEPHANT"]
[Black "chegueps"]
[Result "0-1"]
[WhiteElo "2657"]
[BlackElo "2459"]
[TimeControl "180+1"]
[EndTime "10:15:51 PDT"]
[Termination "chegueps won by resignation"]

1. d4 Nf6 2. Nf3 e6 3. c4 d5 4. g3 dxc4 5. Bg2 a6 6. O-O Nc6 7. e3 Rb8 8. Nfd2 e5 9. Bxc6+ bxc6 10. dxe5 Ng4 11. Nxc4 Be6 12. Nbd2 Bb4 13. Qc2 h5 14. b3 h4 15. Nf3 f5 16. Bb2 Qd5 17. Qe2 hxg3 18.
fxg3 Qe4 19. Ng5 Bxc4 20. bxc4 Rxh2 21. Nxe4 Rxe2 22. Rxf5 Rxb2 23. Rg5 Nh2 24. Rxg7 Nf3+ 25. Kf1 Rd8 26. e6 Nd2+ 27. Nxd2 Rdxd2 0-1

[Event "*** SCC Grand Prix: Titled Tuesday Blitz"]
[Site "Chess.com"]
[Date "2020.08.11"]
[Round "2"]
[White "FedaMaster"]
[Black "Ze-Pequeno"]
[Result "1-0"]
[WhiteElo "2398"]
[BlackElo "2140"]
[TimeControl "180+1"]
[EndTime "10:15:51 PDT"]
[Termination "FedaMaster won by resignation"]

1. e4 c5 2. d4 cxd4 3. c3 Nf6 4. e5 Nd5 5. Qxd4 e6 6. Nf3 Nc6 7. Qe4 f5 8. Qe2 b5 9. g3 a5 10. Bg2 Ba6 11. O-O Qc7 12. Rd1 Be7 13. Nh4 Bxh4 14. Qh5+ g6 15. Qxh4 Qxe5 16. Bh6 Kf7 17. Nd2 Rae8 18. Nf3 Qf6 19. Ng5+ Ke7 20. Bxd5 exd5 21. Re1+ Kd6 22. Ne4+ Rxe4 1-0

[Event "*** SCC Grand Prix: Titled Tuesday Blitz"]
[Site "Chess.com"]
[Date "2020.08.11"]
[Round "2"]
[White "DenishevM"]
[Black "TranJMinh"]
[Result "0-1"]
[WhiteElo "2555"]
[BlackElo "2834"]
[TimeControl "180+1"]
[EndTime "10:15:52 PDT"]
[Termination "TranJMinh won by resignation"]

1. d4 Nf6 2. c4 e6 3. Nf3 b6 4. a3 Ba6 5. Qc2 c5 6. d5 exd5 7. cxd5 Bb7 8. e4 Qe7 9. Bd3 Bxd5 10. O-O Be6 11. Nc3 Nc6 12. Bg5 h6 13. Bh4 g5 14. Bg3 Bg7 15. Nb5 O-O 16. Bd6 Qd8 17. Bxf8 Qxf8 18. Nc7 Rd8 19. Nxe6 fxe6 20. Rfe1 Ng4 21.
h3 Nge5 22. Nxe5 Bxe5 23. Rad1 Qf6 24. Bb5 Nd4 25. Qd3 Qf4 26. Qg3 Qxg3 27. fxg3 Nxb5 0-1

[Event "*** SCC Grand Prix: Titled Tuesday Blitz"]
[Site "Chess.com"]
[Date "2020.08.11"]
[Round "2"]
[White "Spriteball"]
[Black "blitzking1729"]
[Result "0-1"]
[WhiteElo "2077"]
[BlackElo "2617"]
[TimeControl "180+1"]
[EndTime "10:15:53 PDT"]
[Termination "blitzking1729 won by resignation"]

1. c4 Nc6 2. Nf3 e5 3. Nc3 f5 4. d4 e4 5. d5 exf3 6. dxc6 fxg2 7. cxd7+ Qxd7 8. Qxd7+ Bxd7 9. Bxg2 O-O-O 10. Be3 a6 11. O-O-O Nf6 12. Nd5 Ng4 13. Bd4 c5 14. Nb6+ Kc7 15.
Nd5+ Kb8 16. h3 cxd4 17. hxg4 fxg4 18. Rxd4 Bc5 19. Rd3 Bxf2 20. Rb3 Bc6 21. Rb6 Bxb6 0-1

[Event "*** SCC Grand Prix: Titled Tuesday Blitz"]
[Site "Chess.com"]
[Date "2020.08.11"]
[Round "2"]
[White "Lenyas66"]
[Black "Shota_Azaladze"]
[Result "1-0"]
[WhiteElo "2473"]
[BlackElo "2679"]
[TimeControl "180+1"]
[EndTime "10:15:54 PDT"]
[Termination "Lenyas66 won by resignation"]

1. e4 g6 2. d4 Bg7 3. Nc3 c6 4. Nf3 d6 5. Bc4 b5 6. Bb3 a6 7. O-O e6 8. a4 b4 9. Ne2 Ne7 10. Bf4 h6 11. c3 bxc3 12. bxc3 g5 13. Be3 Ng6 14. Ng3 g4 15. Nh5 Bf8 16. Nd2 Qh4 17. Nf4 Nxf4 18. Bxf4 h5 19. Nc4 Qd8 20. Re1 a5 21.
Qd2 Ba6 22. Bg5 Be7 23. Bxe7 Qxe7 24. e5 Bxc4 25. exd6 Qxd6 26. Bxc4 Nd7 27. Rab1 O-O-O 28. Ba6+ Kc7 29. Rb7+ Kc8 30. Ra7+ Kb8 31. Qb2+ 1-0

[Event "*** SCC Grand Prix: Titled Tuesday Blitz"]
[Site "Chess.com"]
[Date "2020.08.11"]
[Round "2"]
[White "stolencandy13"]
[Black "GOGIEFF"]
[Result "0-1"]
[WhiteElo "2436"]
[BlackElo "2870"]
[TimeControl "180+1"]
[EndTime "10:15:56 PDT"]
[Termination "GOGIEFF won by resignation"]

1. e4 c5 2. Nf3 d6 3. d4 cxd4 4. Nxd4 Nf6 5. Nc3 a6 6. h3 Nc6 7.
g4 Qb6 8. Nb3 e6 9. Be3 Qc7 10.
g5 Nd7 11. Qd2 b5 12. O-O-O Nce5 13. f4 Nc4 14. Bxc4 bxc4 15. Nd4 Rb8 16. f5 Qb7 17. Na4 Nc5 18. Qa5 Bd7 19. Nc3 Qxb2+ 20. Kd2 d5 21. Rb1 Qxc3+ 0-1

[Event "*** SCC Grand Prix: Titled Tuesday Blitz"]
[Site "Chess.com"]
[Date "2020.08.11"]
[Round "2"]
[White "arminmusovic"]
[Black "UmbertoConcelli"]
[Result "1-0"]
[WhiteElo "2494"]
[BlackElo "2704"]
[TimeControl "180+1"]
[EndTime "10:16:05 PDT"]
[Termination "arminmusovic won by resignation"]

1. a3 e5 2. Nc3 d5 3. d4 Nc6 4. dxe5 d4 5. Ne4 Qd5 6. Ng3 h5 7. e4 Qxe5 8. Nf3 Qe7 9. h4 Bg4 10. Bb5 Rd8 11. Bg5 Nf6 12. O-O Bxf3 13. Qxf3 Qe5 14. a4 Rd6 15. Bf4 1-0

[Event "*** SCC Grand Prix: Titled Tuesday Blitz"]
[Site "Chess.com"]
[Date "2020.08.11"]
[Round "2"]
[White "Sanyura"]
[Black "szefru"]
[Result "1-0"]
[WhiteElo "2386"]
[BlackElo "2107"]
[TimeControl "180+1"]
[EndTime "10:16:05 PDT"]
[Termination "Sanyura won by resignation"]

1. Nf3 d5 2. g3 c6 3. d3 Nf6 4. Nbd2 e6 5. Bg2 h5 6. O-O Nbd7 7. e4 Be7 8. c3 e5 9. exd5 cxd5 10. Re1 Bd6 11.
Nxe5 Bxe5 12. d4 Ng4 13. h3 Ndf6 14. dxe5 Qb6 15. exf6+ Kf8 16. hxg4 hxg4 17. Nb3 Qxf6 18. Qd4 Qg6 19. Qc5+ Kg8 20. Re8+ Kh7 21. Rxh8+ Kxh8 22. Qf8+ Kh7 23. Bf4 a5 24. Nd4 a4 25. Re1 a3 26.
bxa3 Rxa3 27. Qxa3 Qd3 28. Bxd5 f6 29. Be4+ 1-0

[Event "*** SCC Grand Prix: Titled Tuesday Blitz"]
[Site "Chess.com"]
[Date "2020.08.11"]
[Round "2"]
[White "Skatchkov_V"]
[Black "Panterov"]
[Result "1-0"]
[WhiteElo "2637"]
[BlackElo "2214"]
[TimeControl "180+1"]
[EndTime "10:16:06 PDT"]
[Termination "Skatchkov_V won by resignation"]

1. d4 d5 2. c4 c6 3. Nf3 Nf6 4. e3 Bf5 5. Nc3 e6 6. Nh4 Bg6 7. Nxg6 hxg6 8. Bd3 Nbd7 9. Qc2 Bd6 10. h3 Qe7 11.
Bd2 O-O 12. O-O dxc4 13. Bxc4 e5 14. Qxg6 exd4 15. exd4 b5 16. Bb3 b4 17. Rae1 Kh8 18. Qf5 Qd8 19. Ne4 Nxe4 20. Rxe4 g6 21. Qf3 Qf6 22. Qg4 Qf5 23. Qxf5 gxf5 24. Rh4+ Kg7 25. Bh6+ 1-0

[Event "*** SCC Grand Prix: Titled Tuesday Blitz"]
[Site "Chess.com"]
[Date "2020.08.11"]
[Round "2"]
[White "RaunakSadhwani2005"]
[Black "CrazyMartian"]
[Result "1-0"]
[WhiteElo "2949"]
[BlackElo "2332"]
[TimeControl "180+1"]
[EndTime "10:16:06 PDT"]
[Termination "RaunakSadhwani2005 won by resignation"]

1. d4 d5 2. Bf4 Nf6 3. e3 c5 4. c3 e6 5. Nf3 Bd6 6. Nbd2 Qc7 7. Bxd6 Qxd6 8. Ne5 Nc6 9. f4 O-O 10. Bd3 b6 11.
O-O Bb7 12. Qf3 Ne7 13. Qh3 Ne4 14. Rad1 f6 15. Bxe4 dxe4 16. Ndc4 Qd5 17. dxc5 Qxc5 18. Qxe6+ Kh8 19. Nd7 Qc6 20. Nxf8 Rxf8 21. Qxe7 Re8 22. Qd7 Qxd7 23. Rxd7 Ba6 24. Nd6 1-0

[Event "*** SCC Grand Prix: Titled Tuesday Blitz"]
[Site "Chess.com"]
[Date "2020.08.11"]
[Round "2"]
[White "Beca95"]
[Black "davidkalashian"]
[Result "1-0"]
[WhiteElo "2883"]
[BlackElo "2577"]
[TimeControl "180+1"]
[EndTime "10:16:10 PDT"]
[Termination "Beca95 won on time"]

1. e4 c5 2. Nc3 d6 3. Bb5+ Bd7 4.
Bxd7+ Qxd7 5. Nh3 Nc6 6. d3 g6 7.
f4 Bg7 8. O-O Nf6 9. Bd2 O-O 10.
f5 Nd4 11. Ne2 e6 12. Nxd4 cxd4 13. Qf3 Rac8 14. c4 b5 15. b3 bxc4 16. bxc4 Rb8 17. Bg5 exf5 18. exf5 Qb7 19. Qg3 1-0

[Event "*** SCC Grand Prix: Titled Tuesday Blitz"]
[Site "Chess.com"]
[Date "2020.08.11"]
[Round "2"]
[White "natelleka"]
[Black "Misticpikachu"]
[Result "1-0"]
[WhiteElo "2097"]
[BlackElo "2360"]
[TimeControl "180+1"]
[EndTime "10:16:15 PDT"]
[Termination "natelleka won by checkmate"]

1. e4 c5 2. Nf3 Nc6 3. d4 cxd4 4.
Nxd4 Nf6 5. Nc3 e6 6. Ndb5 Bb4 7. a3 Bxc3+ 8. Nxc3 d5 9. exd5 exd5 10. Bd3 O-O 11. O-O d4 12. Ne2 Bg4 13. Bg5 Qd6 14. Qd2 Rfe8 15. Ng3 h6 16. Bf4 Qd5 17.
h3 Bd7 18. Rfe1 Rxe1+ 19. Rxe1 Re8 20. Rxe8+ Nxe8 21. Be4 Qc5 22. Bxh6 gxh6 23. Qxh6 Qd6 24. Bh7+ Kh8 25. Bg6+ Kg8 26. Qh7+ Kf8 27. Qxf7# 1-0

[Event "*** SCC Grand Prix: Titled Tuesday Blitz"]
[Site "Chess.com"]
[Date "2020.08.11"]
[Round "2"]
[White "Alexander_Donchenko"]
[Black "floplover"]
[Result "1-0"]
[WhiteElo "2650"]
[BlackElo "2297"]
[TimeControl "180+1"]
[EndTime "10:16:19 PDT"]
[Termination "Alexander_Donchenko won by resignation"]

1. Nf3 d5 2. g3 Nf6 3. Bg2 e6 4. O-O Be7 5. c4 O-O 6. b3 c5 7. Bb2 d4 8. e3 Nc6 9. exd4 cxd4 10. Re1 Ne8 11. d3 f6 12. Na3 e5 13.
Nc2 a5 14. Ba3 Nb4 15. Qd2 Nxc2 16. Bxe7 Qxe7 17. Qxc2 Qc5 18. a3 Bg4 19. b4 Qc7 20. c5 Qd7 21. Nd2 Ra7 22. b5 Qxb5 23. Rab1 Qa6 24.
Rb6 Nc7 25. Rxa6 Nxa6 26. Rb1 Rc8 27. Rxb7 1-0

[Event "*** SCC Grand Prix: Titled Tuesday Blitz"]
[Site "Chess.com"]
[Date "2020.08.11"]
[Round "2"]
[White "rududuyk"]
[Black "Titus369"]
[Result "1-0"]
[WhiteElo "2122"]
[BlackElo "2473"]
[TimeControl "180+1"]
[EndTime "10:16:29 PDT"]
[Termination "rududuyk won by resignation"]

1. e4 c5 2. Nc3 Nc6 3. f4 g6 4. Nf3 Bg7 5. Bc4 e6 6. d3 Nge7 7.
O-O O-O 8. Qe1 d5 9. Bb3 Rb8 10.
f5 gxf5 11. Qh4 Ng6 12. Qh5 Nd4 13. exd5 Nxf3+ 14. Rxf3 Qh4 15. Qxh4 Nxh4 16. Rh3 Ra8 17. Rxh4 Bd7 18. Bh6 Bxh6 19. Rxh6 Kg7 20. Rh4 Kf6 21. Rxh7 b5 22. dxe6 Bxe6 23. Bxe6 fxe6 24. Re1 Rf7 25.
Rh6+ Kg7 26. Rhxe6 b4 27. Nd5 1-0

[Event "*** SCC Grand Prix: Titled Tuesday Blitz"]
[Site "Chess.com"]
[Date "2020.08.11"]
[Round "2"]
[White "Pultis"]
[Black "Zq1"]
[Result "1-0"]
[WhiteElo "2745"]
[BlackElo "2498"]
[TimeControl "180+1"]
[EndTime "10:16:30 PDT"]
[Termination "Pultis won by resignation"]

1. d4 Nf6 2. c4 a6 3. g3 c5 4. Nf3 cxd4 5. Nxd4 d5 6. Bg2 e5 7.
Nb3 d4 8. O-O Nc6 9. e3 Be7 10.
exd4 Nxd4 11. Nxd4 exd4 12. Re1 O-O 13. b3 a5 14.
Rxe7 Qxe7 15. Ba3 Qd7 16. Bxf8 Kxf8 17. Na3 Ra6 18. Nb5 d3 19. Qd2 Re6 20. Bh3 Qd8 21.
Bxe6 Bxe6 22. Rd1 Bf5 23. Qf4 Bg4 24. f3 Qb6+ 25. Qd4 1-0

[Event "*** SCC Grand Prix: Titled Tuesday Blitz"]
[Site "Chess.com"]
[Date "2020.08.11"]
[Round "2"]
[White "goofypenguin96"]
[Black "Rainmond"]
[Result "0-1"]
[WhiteElo "2311"]
[BlackElo "2676"]
[TimeControl "180+1"]
[EndTime "10:16:35 PDT"]
[Termination "Rainmond won by resignation"]

1. e4 c5 2. Nf3 a6 3. c3 e6 4. d4 d5 5. exd5 exd5 6. Bd3 Nc6 7. O-O c4 8. Bc2 Nf6 9. h3 Be7 10. Bf4 O-O 11. Nbd2 Re8 12. a4 h6 13. b3 cxb3 14. Nxb3 Bd6 15. Bxd6 Qxd6 16. Qd3 Ne4 17.
Rfe1 Bf5 18. Qe3 Re6 19. Bxe4 Bxe4 20. Nc5 Re7 21. Nxe4 Rxe4 22. Qd3 Rae8 23. Rxe4 Rxe4 24. Re1 Qe6 25. Rb1 Na5 26. Nd2 Re1+ 27. Rxe1 Qxe1+ 28. Nf1 Nc4 29. Qf5 Qe6 30. Qf4 b6 31. Qb8+ Kh7 32. Ng3 Qe1+ 33. Kh2 Qxf2 34. Qb7 Ne3 35. Qxd5 Nxd5 36.
Ne4 Qf4+ 0-1

[Event "*** SCC Grand Prix: Titled Tuesday Blitz"]
[Site "Chess.com"]
[Date "2020.08.11"]
[Round "2"]
[White "paulrusan"]
[Black "PlotnikovPavel"]
[Result "0-1"]
[WhiteElo "2205"]
[BlackElo "2427"]
[TimeControl "180+1"]
[EndTime "10:16:43 PDT"]
[Termination "PlotnikovPavel won by resignation"]

1. e4 e6 2. Nf3 d5 3. e5 Ne7 4. d4 Nf5 5. c3 c5 6. Be2 Nc6 7.
dxc5 Bxc5 8. b4 Be7 9. O-O O-O 10. a3 f6 11. exf6 Bxf6 12. Ra2 e5 13. Rd2 Be6 14. Bc4 Nce7 15. Re1 Rc8 16. Bb3 e4 17. Rxe4 dxe4 18.
Rxd8 Rcxd8 19. Bxe6+ Kh8 20. Nd4 Nxd4 21. cxd4 Bxd4 22.
Qe2 Rxf2 23. Qxf2 Bxf2+ 24. Kxf2 Rd1 25. Bg5 e3+ 26. Ke2 Rxb1 27. Bxe7 Rb2+ 28. Kxe3 Rxg2 29.
Bd6 Rg6 30. Bd5 Rxd6 31. Bxb7 g5 32. a4 Rb6 0-1

[Event "*** SCC Grand Prix: Titled Tuesday Blitz"]
[Site "Chess.com"]
[Date "2020.08.11"]
[Round "2"]
[White "beatnoguera"]
[Black "carlsen1001"]
[Result "0-1"]
[WhiteElo "1803"]
[BlackElo "2341"]
[TimeControl "180+1"]
[EndTime "10:16:43 PDT"]
[Termination "carlsen1001 won by checkmate"]

1. e4 c5 2. Nc3 Nc6 3. f4 g6 4.
Nf3 Bg7 5. a4 e6 6. Bc4 Nge7 7.
O-O d6 8. d3 O-O 9. Qe1 d5 10.
Bb3 Nd4 11. Nxd4 cxd4 12. Ne2 dxe4 13. dxe4 b6 14. Ng3 h6 15. Qe2 Qc7 16. f5 exf5 17.
exf5 Nxf5 18. Nxf5 Bxf5 19. Rxf5 gxf5 20. Qh5 Qd6 21. Bd2 d3 22. c3 Rae8 23. Rf1 Re2 24. Bf4 Qc6 25. Qh3 Qc5+ 26. Kh1 Rf2 27. Rxf2 Qxf2 28.
g3 d2 29. Qh5 Qf1# 0-1

[Event "*** SCC Grand Prix: Titled Tuesday Blitz"]
[Site "Chess.com"]
[Date "2020.08.11"]
[Round "2"]
[White "sodastream007"]
[Black "Gorin_Leonid"]
[Result "1-0"]
[WhiteElo "2210"]
[BlackElo "2615"]
[TimeControl "180+1"]
[EndTime "10:16:45 PDT"]
[Termination "sodastream007 won by resignation"]

1. d4 Nf6 2. c4 e6 3. Nf3 b6 4. g3 Ba6 5. Qc2 Bb7 6. Bg2 c5 7. d5 exd5 8. O-O dxc4 9. Nc3 Be7 10. e4 Nc6 11. e5 Nb4 12. Qe2 Nfd5 13. Qxc4 Nxc3 14. bxc3 Ba6 15. Qg4 Bxf1 16. Bxf1 Nc6 17. Qxg7 Rf8 18. Bh6 Qc7 19. Ba6 Nb8 20. Bb5 a6 21.
Be2 Nc6 22. Qxh7 O-O-O 23. Bxa6+ Kb8 24. Bxf8 Rxf8 25. Rd1 Ka7 26. Bb5 Kb7 27. Qf5 Nb8 28.
c4 d6 29. exd6 Bxd6 30. Qd5+ Nc6 31. Bxc6+ Qxc6 32. Qxd6 Qxf3 33. Rb1 1-0

[Event "*** SCC Grand Prix: Titled Tuesday Blitz"]
[Site "Chess.com"]
[Date "2020.08.11"]
[Round "2"]
[White "Zmeeed63"]
[Black "sewin16"]
[Result "0-1"]
[WhiteElo "2175"]
[BlackElo "2408"]
[TimeControl "180+1"]
[EndTime "10:16:45 PDT"]
[Termination "sewin16 won by resignation"]

1. d4 Nf6 2. c4 e6 3. Nc3 Bb4 4. f3 c5 5. d5 exd5 6. cxd5 O-O 7. e4 Re8 8. Bc4 b5 9. Bxb5 Qa5 10. a4 Bxc3+ 11. bxc3 Qxc3+ 12. Bd2 Qe5 13. Ne2 Ba6 14.
O-O Bxb5 15. axb5 d6 16. Bf4 Qe7 17. Ra5 Nbd7 18. Qa1 Nb6 19. Rc1 Nfxd5 20. exd5 Qxe2 21. Rxa7 Rxa7 22. Qxa7 Nxd5 23. Qa4 Ne3 0-1